 Dungeon Crawl Stone Soup version 0.17-a0-82-g3e33fa6 (webtiles) character file.

239 Ngotmuk the Covered (level 6, -1/48 HPs)
             Began as a Human Fighter on Mar 16, 2015.
             Killed from afar by a white imp (4 damage)
             ... with a puff of frost
             ... summoned by Eustachio
             ... on level 4 of the Dungeon.
             The game lasted 00:09:15 (2746 turns).

Ngotmuk the Covered (Human Fighter)                 Turns: 2746, Time: 00:09:15

Health: -1/48      AC:  7    Str: 18    XL:     6   Next: 29%
Magic:  6/6        EV:  8    Int: 14    God:
Gold:   140        SH:  9    Dex: 12    Spells: 0 memorised, 5 levels left

rFire  . . .     SeeInvis .     a - +0 flail
rCold  . . .     Clarity  .     b - +0 scale mail
rNeg   . . .     SustAb   .     c - +0 shield
rPois  .         Gourm    .     (no helmet)
rElec  .         Spirit   .     (no cloak)
rCorr  .         Warding  .     (no gloves)
rMut   .         Stasis   .     (no boots)
MR     .....                    (no amulet)
Stlth  ..........               (no ring)
                                f - +5 ring of intelligence

@: lethally poisoned (-1 -> -10), slowed, very slow, not resistant to hostile
enchantments, extremely unstealthy
A: no striking features
a: no special abilities


You were on level 4 of the Dungeon.
You were hungry.

You visited 1 branch of the dungeon, and saw 4 of its levels.

You collected 140 gold pieces.

Inventory:

Hand weapons
 a - a +0 flail (weapon)
Armour
 b - a +0 scale mail (worn)
 c - a +0 shield (worn)
Jewellery
 f - a +5 ring of intelligence (left hand)
Magical devices
 u - a wand of digging (13)
Scrolls
 g - a scroll of fog {unknown}
 j - 5 scrolls of amnesia {unknown}
 k - a scroll of remove curse {unknown}
 n - 2 scrolls of identify {unknown}
 p - 2 scrolls of enchant weapon {unknown}
 q - a scroll of blinking {unknown}
 r - 2 scrolls of noise {unknown}
Potions
 e - a potion of might
 h - 2 potions of restore abilities {unknown}
 l - 2 potions of curing {unknown}
 m - a potion of brilliance {unknown}
 o - 2 potions of magic {unknown}
 s - a potion of mutation {unknown}
 v - a potion of lignification {unknown}
Comestibles
 d - 2 bread rations
 i - a meat ration
 t - a beef jerky


   Skills:
 + Level 4.0 Fighting
 + Level 3.2 Maces & Flails
 + Level 4.1 Armour
 + Level 2.0 Dodging
 + Level 3.8 Shields


You had 5 spell levels left.
You didn't know any spells.

Dungeon Overview and Level Annotations

Branches:
Dungeon (4/15)
 Temple: D:4-7

Altars:
Fedhas

Annotations:
D:3 Ngotmuk's ghost, experienced HuFi
D:4 Eustachio


Message History

* * * LOW HITPOINT WARNING * * *
You block the river rat's attack.
Eustachio zaps a wand.
You feel as though you will be slow longer.
* * * LOW HITPOINT WARNING * * *
You feel sick. The bat hits you but does no damage. The bat barely misses you.
Eustachio zaps a wand.
You resist with some effort. You block the river rat's attack.
* * * LOW HITPOINT WARNING * * *
You feel sick. The bat barely misses you.
Eustachio gestures wildly while chanting.
Eustachio blinks!
The river rat closely misses you.
* * * LOW HITPOINT WARNING * * *
You feel sick. You block the bat's attack. The bat barely misses you.
Eustachio gestures wildly while chanting.
You block the river rat's attack.
* * * LOW HITPOINT WARNING * * *
You feel sick. You block the bat's attack. You block Eustachio's attack.
The white imp gestures at you. The puff of frost hits you!
You die...

#.#....#.##...##.#..#
#.#.....<.....##.#..#
#...........#.##.##.#
###....#.#.#.....#...
#.......#.#######)#. ###
#.#.#.#.............
.....#$#.#.#...#######..(
......#.#.#.# ..# #...
......#.#@.b#...# #...
.......rr@.....# #...
#........r.5...# #...
####.......5.## #.#.
#.........# #.#.
#.........# ###.##
#.........# #.....
#..........? #.....
########.... #.....


You could see Eustachio, an iron imp, 2 river rats, a white imp, a bat and a
rat.

Vanquished Creatures
  A sky beast (D:3)
  Ijyb (D:3)
  3 gnolls (D:2)
  4 adders
  A giant mite (D:2)
  A worm (D:3)
  2 giant geckos
  An orc (D:3)
  A ball python (D:2)
  5 goblins
  7 hobgoblins
  4 jackals
  5 kobolds
  A quokka (D:3)
  8 bats
  4 giant cockroaches
  2 giant newts
  4 rats
55 creatures vanquished.

Notes
Turn   | Place    | Note
--------------------------------------------------------------
     0 | D:1      | Ngotmuk, the Human Fighter, began the quest for the Orb.
     0 | D:1      | Reached XP level 1. HP: 18/18 MP: 1/1
   162 | D:1      | Reached XP level 2. HP: 14/24 MP: 2/2
   337 | D:1      | Reached XP level 3. HP: 26/29 MP: 3/3
   765 | D:2      | Reached XP level 4. HP: 35/35 MP: 4/4
   836 | D:3      | Reached skill level 1 in Dodging
   991 | D:3      | Found a blossoming altar of Fedhas.
  1205 | D:3      | Noticed Ngotmuk's ghost (experienced HuFi)
  1597 | D:3      | Noticed Ijyb
  1612 | D:3      | Killed Ijyb
  1612 | D:3      | Reached XP level 5. HP: 4/41 MP: 5/5
  2124 | D:3      | Noticed a sky beast
  2141 | D:3      | Killed a sky beast
  2141 | D:3      | Reached skill level 4 in Armour
  2141 | D:3      | Reached XP level 6. HP: 18/48 MP: 6/6
  2726 | D:4      | Noticed Eustachio
  2746 | D:4      | Killed from afar by a white imp

Action                   |  1- 3 |  4- 6 || total
-------------------------+-------+-------++-------
Melee: Flail             |    64 |   104 ||   168
  Eat: Meat ration       |       |     1 ||     1
